 Dungeon Crawl Stone Soup version 0.27-a0-379-g34d631faf5 (webtiles) character file.

Game seed: 14788791508203068603

229 Gildeon the Cudgeller (level 6, 0/37 HPs)
             Began as a Gargoyle Fighter on Feb 17, 2021.
             Slain by a mummy (8 damage)
             ... in an ossuary.
             The game lasted 00:05:08 (2793 turns).

Gildeon the Cudgeller (Gargoyle Fighter)            Turns: 2793, Time: 00:05:10

Health: 0/37       AC: 11    Str: 22    XL:     6   Next: 3%
Magic:  6/6        EV:  7    Int:  8    God:
Gold:   106        SH:  9    Dex:  9    Spells: 5/5 levels left

rFire    . . .     SeeInvis .   a - +0 flail
rCold    . . .     Faith    .   c - +0 kite shield
rNeg     + . .     Spirit   .   b - +0 scale mail
rPois    ∞         Reflect  .   (no helmet)
rElec    +         Harm     .   (no cloak)
rCorr    .         Rampage  .   (no gloves)
Will     .....                  (no boots)
Stlth    ..........             n - amulet of the acrobat
HPRegen  0.12/turn              (no ring)
MPRegen  0.10/turn              (no ring)

@: no status effects
A: negative energy resistance 1, electricity resistance, unbreathing,
petrification resistance, miasma immunity, AC +4
a: no special abilities


You were in an ossuary.
You visited 1 branch of the dungeon, and saw 4 of its levels.
You also visited: Ossuary.

You collected 106 gold pieces.

Inventory:

Hand Weapons
 a - a +0 flail (weapon)
Armour
 b - a +0 scale mail (worn)
 c - a +0 kite shield (worn)
Jewellery
 n - an amulet of the acrobat (around neck)
Scrolls
 e - a scroll of random uselessness
 f - a scroll of fog
 g - a scroll of teleportation {unknown}
 i - 2 scrolls of amnesia {unknown}
 k - 2 scrolls of enchant weapon
 m - a scroll of magic mapping {unknown}
 o - a scroll of noise {unknown}
Potions
 d - 2 potions of might
 h - a potion of brilliance
 l - a potion of flight
 p - a potion of degeneration {unknown}


   Skills:
 - Level 3.2 Fighting
 + Level 6.1 Maces & Flails
 - Level 3.2 Armour
 - Level 3.2 Shields


You had 5 spell levels left.
You didn't know any spells.
Your spell library was empty.

Dungeon Overview and Level Annotations

Branches:
Dungeon (4/15)            Ossuary (1/1)
 Temple: D:4-7

Altars:
Gozag


Innate Abilities, Weirdness & Mutations

You are resistant to torment.
Your stone body is resilient. (AC +4)
You are immune to poison.
You resist negative energy. (rN+)
You are resistant to electric shocks. (rElec)
You can survive without breathing.
You are immune to petrification.
You are immune to miasma.


Message History

You hit the mummy.
The mummy is lightly damaged.
You block the mummy's attack. You block the orc zombie's attack.
You hit the mummy.
The mummy is lightly damaged.
The gnoll zombie hits you. You block the mummy's attack.
You hit the mummy but do no damage.
The mummy is lightly damaged.
The mummy barely misses you. You block the gnoll zombie's attack.
The mummy hits you but does no damage. You block the gnoll zombie's attack.
You block the orc zombie's attack.
You hit the gnoll zombie.
The gnoll zombie is lightly damaged.
The gnoll zombie hits you.
* * * LOW HITPOINT WARNING * * *
The orc zombie barely misses you. You block the mummy's attack.
Your shield and scale mail prevent you from hitting the mummy.
The mummy is lightly damaged.
The gnoll zombie barely misses you. You block the orc zombie's attack.
Unknown command.
The orc zombie barely misses you. The orc zombie completely misses you.
You block the orc zombie's attack.
There is a gate leading back out of this place here.
You closely miss the mummy.
The mummy is lightly damaged.
You block the hobgoblin zombie's attack.
You block the orc zombie's attack. The mummy hits you but does no damage.
You thump the mummy!
The mummy is heavily damaged.
The hobgoblin zombie closely misses you.
You hit the mummy but do no damage.
The mummy is heavily damaged.
You block the hobgoblin zombie's attack.
You hit the mummy but do no damage.
The mummy is heavily damaged.
You block the hobgoblin zombie's attack.
The mummy hits you.
* * * LOW HITPOINT WARNING * * *
The mummy hits you!
You die...

#....#
#....#
#....#
#....#
#....#
#....#
#ZMZ.#
#ZMZ.#
#M@Z.#
######


You could see 3 mummies, a hobgoblin zombie, a gnoll zombie and 3 orc zombies.

Vanquished Creatures
  A quasit (D:3)
  An orc priest (D:3)
  An iguana (D:4)
  A mummy (Ossuary)
  5 adders
  2 oozes (D:3)
  A dart slug (D:2)
  2 leopard geckos
  5 orcs (D:3)
  4 ball pythons
  6 bats
  4 giant cockroaches
  A gnoll zombie (Ossuary)
  10 goblins
  2 hobgoblins (D:2)
  A jackal (D:4)
  8 frilled lizards
  6 kobolds
  A kobold zombie (Ossuary)
  A leopard gecko skeleton (D:4)
  An orc zombie (Ossuary)
  A quokka zombie (D:4)
  10 rats
  A rat zombie (D:4)
76 creatures vanquished.

Notes
Turn   | Place    | Note
-------+----------+-------------------------------------------
     0 | D:1      | Gildeon the Gargoyle Fighter began the quest for the Orb.
     0 | D:1      | Reached XP level 1. HP: 14/14 MP: 1/1
   259 | D:1      | Reached XP level 2. HP: 19/19 MP: 2/2
   459 | D:1      | Reached skill level 3 in Maces & Flails
   899 | D:2      | Reached XP level 3. HP: 23/23 MP: 3/3
  1273 | D:2      | Found an opulent altar of Gozag.
  1314 | D:2      | Reached skill level 4 in Maces & Flails
  1557 | D:2      | Reached XP level 4. HP: 22/28 MP: 4/4
  2066 | D:3      | Reached skill level 5 in Maces & Flails
  2101 | D:3      | Reached XP level 5. HP: 32/32 MP: 5/5
  2723 | D:4      | Found a sand-covered staircase.
  2743 | Ossuary  | Entered an ossuary
  2756 | Ossuary  | Reached skill level 6 in Maces & Flails
  2780 | Ossuary  | Reached XP level 6. HP: 24/37 MP: 6/6
  2793 | Ossuary  | Slain by a mummy

Illustrated notes

Levels and vault maps discovered:
D:1:      saegor_arrival_miasma, layout_basic, minmay_misc_feat_roman,
          kennysheep_flooded_box
D:2:      layout_loops_ring, nicolae_gozag_seed_capital
D:3:      layout_rooms
D:4:      minmay_door_path, layout_basic, overflow_temple_1_default,
          enter_ossuary_4
Ossuary:  ossuary_tomb_3

Skill      XL: |  1  2  3  4  5 |
---------------+----------------+-----
Maces & Flails | 3 4 5 6 |  6.1
Fighting       | |  3.2
Armour         | |  3.2
Shields        | |  3.2

Action                   |  1- 3 |  4- 6 || total
-------------------------+-------+-------++-------
Melee: Flail             |   153 |   166 ||   319
  Use: Scroll            |       |     6 ||     6
Armor: Scale mail        |    94 |   146 ||   240
Dodge: Dodged            |    64 |    96 ||   160
Block: Kite shield       |    91 |   141 ||   232

Table legend: (Time is in decaauts)
 A = Elapsed time spent in this place.
 B = Non-inter-level travel time spent in this place.
 C = Inter-level travel time spent in this place.
 D = Time resting spent in this place.
 E = Time spent auto-exploring this place.
 F = Levels seen in this place.
 G = Mean time per level.
                   A        B        C        D        E       F      G
               +--------+--------+--------+--------+--------+-----+--------+
         Total |   2926 |   2855 |     71 |      0 |   2053 |   5 |  585.2 |
       Dungeon |   2869 |   2798 |     71 |      0 |   2051 |   4 |  717.2 |
       Ossuary |     56 |     56 |      0 |      0 |      2 |   1 |   56.0 |
               +--------+--------+--------+--------+--------+-----+--------+

Top non-repeatable levels by time:
     D:3: 910 daAuts
     D:1: 905 daAuts
     D:2: 854 daAuts
     D:4: 200 daAuts
 Ossuary: 56 daAuts
